 Dungeon Sprint DCSS version 0.23.2-1-ga50397a (webtiles) character file.

Game seed: 11859277488764890263

2752 xveg the Grappler (level 9, -4/141 HPs)
             Began as a Minotaur Berserker on May 15, 2019.
             Was an Elder of Trog.
             Slain by a hornet (9 damage)
             ... in the Dungeon (Sprint I: "Red Sonja").
             The game lasted 00:05:25 (1519 turns).

xveg the Grappler (Minotaur Berserker)              Turns: 1519, Time: 00:05:26

Health: -4/141     AC: 13    Str: 29    XL:     9   Next: 41%
Magic:  8/8        EV: 15    Int:  4    God:    Trog [****..]
Gold:   275        SH:  0    Dex: 11    Spells: 8/8 levels left

rFire    . . .     SeeInvis .     - Unarmed
rCold    . . .     Gourm    .   (no shield)
rNeg     . . .     Faith    .   p - +3 scale mail {MR+}
rPois    .         Spirit   .   (helmet restricted)
rElec    .         Reflect  .   (no cloak)
rCorr    .         Harm     .   (no gloves)
MR       +....     NoTele   +   (no boots)
Stlth    ..........             (no amulet)
HPRegen  0.33/turn              (no ring)
MPRegen  0.11/turn              (no ring)

@: berserking, lethally poisoned (-4 -> -15), slowed
A: retaliatory headbutt, horns 2, icy blue scales 1, sense surroundings 1,
MP-powered wands
a: Berserk, Trog's Hand, Brothers in Arms, Renounce Religion


You were in the Dungeon.
You worshipped Trog.
Trog was greatly pleased with you.
You were not hungry.

You visited 1 branch You collected 730 gold pieces.
You spent 455 gold pieces at shops.

Inventory:

Hand Weapons
 b - a +3 blowgun
 m - a +0 blowgun
Missiles
 k - 16 bolts
 l - 8 curare-tipped needles
Armour
 a - a +0 animal skin
 o - a +0 troll leather armour
 p - a +3 scale mail of magic resistance (worn)
Wands
 i - a wand of flame (12)
Scrolls
 h - a scroll of blinking
Potions
 c - a potion of mutation
 e - a potion of haste
 f - 2 potions of magic
 g - 2 potions of berserk rage
 j - 3 potions of degeneration {unknown}
 n - 2 potions of curing


   Skills:
 + Level 13.7 Fighting
 + Level 5.4 Throwing
 + Level 8.3 Armour
 + Level 9.3 Dodging
 + Level 3.1 Stealth
 + Level 14.9 Unarmed Combat


You had 8 spell levels left.
You didn't know any spells.
Your spell library was empty.

Dungeon Overview and Level Annotations

Branches:
Dungeon (1/1)

Altars:
Cheibriados
Dithmenos
Elyvilon
Fedhas
Gozag
Hepliaklqana
Kikubaaqudgha
Nemelex Xobeh
Okawaru
Qazlal
Ru
Sif Muna
Trog
Uskayaw
Vehumet
Wu Jian
Yredelemnul
Zin
The Shining One

Shops:
D (*[


Innate Abilities, Weirdness & Mutations

You reflexively headbutt those who attack you in melee.
You have a pair of horns on your head.
You are partially covered in icy blue scales. (AC +2)
You passively map a small area around you.
You expend magic power (3 MP) to strengthen your wands.


Message History

A red film seems to cover your vision as you go berserk!
You feel yourself moving faster!
You feel mighty!
You feel a lot more hungry.
You feel sick. The hornet barely misses you. The hornet stings you!
* * * LOW HITPOINT WARNING * * *
You are more poisoned.
You feel as though you will be slow longer.
The hornet stings you.
* * * LOW HITPOINT WARNING * * *
You are lethally poisoned!
You feel as though you will be slow longer.
You punch the hornet!
The hornet is moderately wounded.
* * * LOW HITPOINT WARNING * * *
You feel sick. The hornet completely misses you.
Okay, then.
You barely miss the hornet. You headbutt the hornet!
The hornet is severely wounded.
* * * LOW HITPOINT WARNING * * *
You feel sick. The hornet stings you!
You die...

..').#..').#†.+ , *
..#####'#####'# *##* ,
* ..####..#...#.####§§#
..#__####..##.#§§§§c +
..#_____##'#_.+§§§c
⌠⌠#_.∩...'..)_#≈≈≈ ,
###_..__##_.#+##'###
#_____###'#,#.y)[###, ,
###########.####@###:##
*
∩........'...'..)..'(∩#
##++++####...##########
, ###.### , * * #.#'#.#
, * , , #.....# * , +
,, , , #.(...# ,
####### , , ,


You could see a hornet.

Vanquished Creatures
  2 centaur warriors (D)
  Sonja (D)
  A deep troll (D)
  Sigmund (D)
  A yak (D)
  An ogre (D)
  A jelly (D)
  Ijyb (D)
  4 ballistomycetes (D)
13 creatures vanquished.

Vanquished Creatures (others)
  A gargoyle (D)
  2 ballistomycete spores (D)
3 creatures vanquished.

Grand Total: 16 creatures vanquished

Notes
Turn   | Place    | Note
-------+----------+-------------------------------------------
     0 | D        | xveg the Minotaur Berserker began the quest for the Orb.
     0 | D        | Reached XP level 1. HP: 19/19 MP: 0/0
     1 | D        | Noticed Ijyb
    18 | D        | Killed Ijyb
    18 | D        | Reached skill level 5 in Fighting
    18 | D        | Reached skill level 5 in Unarmed Combat
    18 | D        | Reached XP level 2. HP: 4/29 MP: 1/1
   294 | D        | Noticed an ogre
   301 | D        | Killed an ogre
   301 | D        | Reached skill level 7 in Unarmed Combat
   301 | D        | Reached XP level 3. HP: 26/40 MP: 2/2
   301 | D        | Reached XP level 4. HP: 31/48 MP: 3/3
   316 | D        | Noticed Sigmund
   322 | D        | Killed Sigmund
   322 | D        | Reached ** piety under Trog
   322 | D        | Reached skill level 5 in Armour
   322 | D        | Reached skill level 5 in Dodging
   322 | D        | Reached skill level 9 in Unarmed Combat
   322 | D        | Reached XP level 5. HP: 31/57 MP: 4/4
   469 | D        | Found an ornate altar of the Wu Jian Council.
   469 | D        | Found a deep blue altar of Sif Muna.
   471 | D        | Found a radiant altar of Vehumet.
   476 | D        | Reached XP level 6. HP: 19/66 MP: 5/5
   644 | D        | Killed a gargoyle
   823 | D        | Found Fuseusoa's General Store.
   823 | D        | Found an ancient bone altar of Kikubaaqudgha.
   823 | D        | Found a hazy altar of Hepliaklqana.
   823 | D        | Found a stormy altar of Qazlal.
   823 | D        | Found a hide-covered altar of Uskayaw.
   823 | D        | Found a blossoming altar of Fedhas.
   823 | D        | Found a bloodstained altar of Trog.
   823 | D        | Found an iron altar of Okawaru.
   823 | D        | Found a basalt altar of Yredelemnul.
   823 | D        | Found a glowing golden altar of the Shining One.
   823 | D        | Found a snail-covered altar of Cheibriados.
   823 | D        | Found a sacrificial altar of Ru.
   823 | D        | Found a glowing silver altar of Zin.
   823 | D        | Found a shadowy altar of Dithmenos.
   823 | D        | Found a white marble altar of Elyvilon.
   823 | D        | Noticed a yak
   824 | D        | Found an opulent altar of Gozag.
   832 | D        | Killed a yak
   832 | D        | Reached skill level 10 in Fighting
   832 | D        | Reached skill level 10 in Unarmed Combat
   833 | D        | Found a sparkling altar of Nemelex Xobeh.
   846 | D        | Noticed Sonja
   851 | D        | Killed Sonja
   851 | D        | Reached *** piety under Trog
   851 | D        | Reached skill level 1 in Stealth
   851 | D        | Reached skill level 12 in Unarmed Combat
   851 | D        | Reached XP level 7. HP: 32/77 MP: 6/6
  1091 | D        | Found Sihoasag's Antique Weapon Boutique.
  1099 | D        | Bought a runed blowgun for 143 gold pieces
  1405 | D        | Noticed a deep troll
  1426 | D        | Killed a deep troll
  1426 | D        | Reached skill level 13 in Unarmed Combat
  1426 | D        | Reached XP level 8. HP: 85/85 MP: 7/7
  1462 | D        | Found Izanoic's Armour Emporium.
  1466 | D        | Bought a +3 scale mail of magic resistance for 312 gold
                  | pieces
  1494 | D        | Noticed a centaur warrior
  1501 | D        | Noticed a centaur warrior
  1504 | D        | Killed a centaur warrior
  1504 | D        | Reached skill level 14 in Unarmed Combat
  1504 | D        | Reached XP level 9. HP: 86/93 MP: 8/8
  1509 | D        | Paralysed by a hornet for 3 turns
  1514 | D        | Gained mutation: You expend magic power (3 MP) to
                  | strengthen your wands. [potion of mutation]
  1514 | D        | Gained mutation: You are partially covered in icy blue
                  | scales. (AC +2) [potion of mutation]
  1514 | D        | Gained mutation: You passively map a small area around you.
                  | [potion of mutation]
  1514 | D        | HP: 2/93 [hornet (4)]
  1516 | D        | Killed a centaur warrior
  1516 | D        | Reached **** piety under Trog
  1516 | D        | Reached skill level 5 in Throwing
  1519 | D        | HP: 5/141 [poisoned by a hornet]
  1519 | D        | Slain by a hornet

Skill      XL: |  1  2  3  4  5  6  7  8  9 |
---------------+----------------------------+-----
Fighting       | 5 7 9 12 13 | 13.7
Armour         | 3 4 5 6 7 8 |  8.3
Dodging        | 3 4 5 7 8 9 |  9.3
Unarmed Combat | 5 7 9 12 13 14 | 14.9
Stealth        | 1 2 3 |  3.1
Throwing       | 2 4 5 |  5.4

Action                   |  1- 3 |  4- 6 |  7- 9 || total
-------------------------+-------+-------+-------++-------
Melee: Unarmed           |    22 |    20 |    20 ||    62
       Headbutt          |     5 |     7 |     6 ||    18
       Punch             |     1 |       |       ||     1
 Fire: Blowgun           |       |       |    12 ||    12
Invok: Berserk           |       |       |     1 ||     1
Evoke: Wand              |       |     1 |       ||     1
  Use: Potion            |       |       |     3 ||     3
 Stab: Sleeping          |       |     1 |       ||     1
  Eat: Ration            |       |       |     1 ||     1
Armor: Animal skin       |     2 |     3 |       ||     5
       Scale mail        |       |       |     7 ||     7
Dodge: Dodged            |     7 |    10 |     9 ||    26
